 Dungeon Crawl Stone Soup version 0.23.2-33-g5129a83184 (webtiles) character file.

Game seed: 16630321686335275190

10257 Derp the Cruncher (level 11, 0/86 HPs)
             Began as a Demonspawn Gladiator on July 16, 2019.
             Was a Priest of Vehumet.
             Slain by an unseen horror (4 damage)
             ... on level 11 of the Dungeon.
             The game lasted 00:31:04 (8523 turns).

Derp the Cruncher (Demonspawn Gladiator)            Turns: 8523, Time: 00:31:04

Health: 0/86       AC: 23    Str: 22    XL:     11   Next: 33%
Magic:  11/11      EV:  9    Int:  9    God:    Vehumet [***...]
Gold:   196        SH: 19    Dex: 17    Spells: 10/10 levels left

rFire    + . .     SeeInvis .   H - +2 falchion (freeze)
rCold    . . .     Gourm    .   B - +2 shield
rNeg     . . .     Faith    .   x - +8 chain mail of Indecent Exposure {Str+3}
rPois    .         Spirit   .   (helmet restricted)
rElec    .         Reflect  .   I - scarf {repulsion}
rCorr    .         Harm     .   e - +1 pair of gloves
MR       .....                  M - +2 pair of boots {Stlth+}
Stlth    +.........             (no amulet)
HPRegen  0.24/turn              n - ring of stealth
MPRegen  0.12/turn              y - +3 ring of dexterity

@: repel missiles
A: horns 1, large bone plates 2, demonic guardian 1, fire resistance 1, ignite
blood, flame cloud immunity
a: Renounce Religion


You were on level 11 of the Dungeon.
You worshipped Vehumet.
Vehumet was most pleased with you.
You were not hungry.

You visited 2 branches of the dungeon, and saw 12 of its levels.
You also visited: Sewer.

You collected 575 gold pieces.
You spent 379 gold pieces at shops.

Inventory:

Hand Weapons
 a - a +0 quarterstaff
 H - a +2 falchion of freezing (weapon)
Missiles
 d - 4 throwing nets (quivered)
Armour
 e - a +1 pair of gloves (worn)
 x - the +8 chain mail of Indecent Exposure (worn) {Str+3}
   (You found it on level 4 of the Dungeon)

   It affects your strength (+3).
 A - a +0 helmet of see invisible
 B - a +2 shield (worn)
 I - a scarf of repulsion (worn)
 M - a +2 pair of boots of stealth (worn)
Jewellery
 n - a ring of stealth (left hand)
 y - a +3 ring of dexterity (right hand)
 E - a +4 ring of protection {unknown}
 N - an uncursed ring of flight {unknown}
 O - an uncursed ring of poison resistance {unknown}
Wands
 z - a wand of paralysis (2)
 G - a wand of flame (16)
 J - a wand of enslavement (6)
Scrolls
 b - a scroll of immolation
 c - 2 scrolls of blinking
 g - 6 scrolls of identify
 i - 5 scrolls of amnesia
 j - 4 scrolls of remove curse
 k - 8 scrolls of teleportation
 m - 3 scrolls of fear
 o - 2 scrolls of random uselessness
 C - a scroll of enchant armour
 D - a scroll of vulnerability
 K - a scroll of magic mapping {unknown}
 L - a scroll of fog {unknown}
Potions
 h - 2 potions of lignification {unknown}
 l - 5 potions of curing {unknown}
 p - 2 potions of flight {unknown}
 q - a potion of agility {unknown}
 r - 3 potions of brilliance {unknown}
 s - a potion of ambrosia {unknown}
 t - 5 potions of heal wounds {unknown}
 u - 5 potions of haste {unknown}
 v - 2 potions of might {unknown}
 w - a potion of degeneration {unknown}
 F - 2 potions of invisibility {unknown}
Comestibles
 f - 18 rations
 P - 2 chunks of flesh


   Skills:
 + Level 8.0 Fighting
 + Level 3.7 Long Blades
 + Level 10.7 Staves
 + Level 1.8 Throwing
 + Level 6.4 Armour
 + Level 5.0 Dodging
 + Level 0.3 Stealth
 + Level 5.9 Shields


You had 10 spell levels left.
You didn't know any spells.
Your spell library contained the following spells:

 Spells                   Type           Power        Failure   Level  Hunger
 Stone Arrow              Conj/Erth      #.....       99%         3    ####...
 Flame Tongue             Conj/Fire      #....        90%         1    ##.....
 Freeze                   Ice            #...         90%         1    ##.....
 Throw Flame              Conj/Fire      #.....       96%         2    ###....
 Conjure Flame            Conj/Fire      #.......     99%         3    ####...
 Inner Flame              Hex/Fire       #.......     99%         3    ####...
 Song of Slaying          Chrm           #.......     100%        2    ###....
 Sticky Flame             Conj/Fire      #.......     100%        4    #####..
 Summon Ice Beast         Ice/Summ       #.......     100%        4    #####..
 Throw Icicle             Conj/Ice       #.......     100%        4    #####..
 Fireball                 Conj/Fire      #.........   100%        5    ######.
 Ring of Flames           Chrm/Fire      #.........   100%        7    #######


Dungeon Overview and Level Annotations

Branches:
Dungeon (11/15)            Temple (1/1) D:7            Lair (0/6) D:10
    Orc (0/2) D:9

Altars:
Ashenzari
Cheibriados
Dithmenos
Elyvilon
Fedhas
Gozag
Hepliaklqana
Kikubaaqudgha
Makhleb
Nemelex Xobeh
Okawaru
Qazlal
Ru
Trog
Uskayaw
Vehumet
Wu Jian
Xom
Yredelemnul
Zin
The Shining One

Shops:
D:4 :   D:5 *   D:9 ([


Innate Abilities, Weirdness & Mutations

You have a pair of small horns on your head.
You are mostly covered in large bone plates. (SH +6)
A weak demonic guardian rushes to your aid.
Your flesh is heat resistant. (rF+)
Your demonic aura causes spilled blood to erupt in flames.
You are immune to clouds of flame.


Message History

Something hits you but does no damage. Something hits you but does no damage.
Something hits you but does no damage. x2; Something hits you.
* * * LOW HITPOINT WARNING * * *
You closely miss something. You headbutt something.
Something hits you but does no damage. You block something's attack.
You miss something. Something hits you.
* * * LOW HITPOINT WARNING * * *
You block something's attack.
You miss something. Your headbutt misses something.
You block something's attack.
Something hits you but does no damage. x2
You hit something. You freeze something. You headbutt something.
You block something's attack. You block something's attack. Something hits you.
* * * LOW HITPOINT WARNING * * *
Something hits you but does no damage. Something hits you but does no damage.
You block something's attack. x2
Something hits you.
You die...

######## ......#
##############....#
.................#
#........#+###### #..####..#
#######........##########
.............<@.......[.....#
.......................#..#.+
.................####).# .#
.......................# ..
.....................(.# ##
.....................†.#
..>..................(.#
..........?...†..(.....# #
.................#.....#.#


There were no monsters in sight!

Vanquished Creatures
  A centaur warrior (D:11)
  Erica (D:9)
  A two-headed ogre (D:11)
  Pikel (D:9)
  A spriggan (D:7)
  Sigmund (D:6)
  2 wyverns
  Eustachio (D:4)
  9 yaks (D:10)
  A hungry ghost (D:9)
  A soldier ant (D:10)
  Duvessa (D:6)
  2 water moccasins (D:5)
  3 orc warriors
  An eye of draining (D:6)
  5 ice beasts
  3 sky beasts
  A slave (D:9)
  2 necrophages (D:6)
  4 ogres
  A crocodile (D:11)
  4 centaurs
  4 bullfrogs
  A wyvern zombie (D:11)
  Blork the orc (D:6)
  6 scorpions
  2 wyvern skeletons
  Dowan (D:6)
  2 killer bees (D:8)
  14 wights
  4 howler monkeys
  2 bullfrog zombies
  A centaur zombie (D:8)
  4 crimson imps
  2 hounds
  A quasit (D:9)
  A jelly (D:9)
  A bullfrog skeleton (D:5)
  2 centaur skeletons
  3 orc priests
  4 orc wizards
  Ijyb (D:5)
  7 worker ants
  A hound skeleton (D:5)
  4 gnolls (D:3)
  A river rat (D:3)
  12 adders
  A howler monkey skeleton (D:5)
  A shadow imp (D:6)
  2 oozes
  2 adder zombies (D:5)
  A worm (D:3)
  4 dart slugs
  11 leopard geckos
  39 orcs
  7 bats
  8 giant cockroaches
  11 goblins
  11 hobgoblins
  16 jackals
  13 kobolds
  9 quokkas
  8 ball pythons
  8 frilled lizards
  2 leopard gecko skeletons
  A quokka skeleton (D:5)
  8 rats
  3 plants (Sewer)
295 creatures vanquished.

Vanquished Creatures (collateral kills)
  A hippogriff (D:8)
  A wyvern (D:10)
  A steam dragon (D:8)
  A hornet zombie (D:8)
  A phantom (D:8)
  A bullfrog (D:8)
  2 killer bees (D:8)
  A bullfrog skeleton (D:8)
  An orc wizard (D:8)
  A worker ant (D:10)
  A hound skeleton (D:7)
  An adder (D:7)
  An adder skeleton (D:7)
  3 orcs
17 creatures vanquished.

Vanquished Creatures (others)
  A slave (D:9)
  An adder zombie (D:9)
  2 plants (Sewer)
4 creatures vanquished.

Grand Total: 316 creatures vanquished

Notes
Turn   | Place    | Note
-------+----------+-------------------------------------------
     0 | D:1      | Derp the Demonspawn Gladiator began the quest for the Orb.
     0 | D:1      | Reached XP level 1. HP: 16/16 MP: 1/1
   162 | D:1      | Gained mutation: Your flesh is heat resistant. (rF+)
                  | [demonic ancestry]
   162 | D:1      | Reached XP level 2. HP: 22/22 MP: 2/2
   175 | D:1      | Reached skill level 3 in Staves
   277 | D:1      | Reached XP level 3. HP: 26/27 MP: 3/3
   946 | D:2      | Gained mutation: You are immune to clouds of flame.
                  | [demonic ancestry]
   946 | D:2      | Reached XP level 4. HP: 20/33 MP: 4/4
  1481 | D:3      | Reached skill level 1 in Armour
  1497 | D:3      | Reached skill level 4 in Staves
  1687 | D:3      | Found a bloodstained altar of Trog.
  1721 | D:3      | Gained mutation: Your demonic aura causes spilled blood to
                  | erupt in flames. [demonic ancestry]
  1721 | D:3      | Reached XP level 5. HP: 34/39 MP: 5/5
  1842 | D:3      | Found a glowing drain.
  2105 | Sewer    | Entered a sewer
  3205 | D:4      | Noticed Eustachio
  3229 | D:4      | Killed Eustachio
  3229 | D:4      | Reached skill level 5 in Staves
  3229 | D:4      | Gained mutation: You are partially covered in large bone
                  | plates. (SH +4) [demonic ancestry]
  3229 | D:4      | Reached XP level 6. HP: 33/47 MP: 6/6
  3252 | D:4      | Got a jewelled chain mail
  3263 | D:4      | Identified the +8 chain mail of Indecent Exposure {Str+3}
                  | (You found it on level 4 of the Dungeon)
  3411 | D:4      | Found Ostru's Book Shop.
  3490 | D:4      | Gained mutation: You are mostly covered in large bone
                  | plates. (SH +6) [demonic ancestry]
  3490 | D:4      | Reached XP level 7. HP: 52/52 MP: 7/7
  3664 | D:5      | Entered Level 5 of the Dungeon
  3846 | D:5      | Reached skill level 6 in Staves
  3888 | D:5      | Noticed Ijyb
  3892 | D:5      | Paralysed by Ijyb for 2 turns
  3895 | D:5      | Killed Ijyb
  4042 | D:5      | Found Keil's Assorted Antiques.
  4055 | D:5      | Bought a shiny helmet for 165 gold pieces
  4206 | D:5      | Reached skill level 7 in Staves
  4206 | D:5      | Gained mutation: You have a pair of small horns on your
                  | head. [demonic ancestry]
  4206 | D:5      | Reached XP level 8. HP: 42/60 MP: 8/8
  4624 | D:6      | Noticed Blork the orc
  4631 | D:6      | Killed Blork the orc
  4745 | D:6      | Noticed Sigmund
  4756 | D:6      | Reached skill level 8 in Staves
  4760 | D:6      | Killed Sigmund
  4760 | D:6      | Reached skill level 5 in Fighting
  4760 | D:6      | Reached skill level 1 in Shields
  4863 | D:6      | Gained mutation: A weak demonic guardian rushes to your
                  | aid. [demonic ancestry]
  4863 | D:6      | Reached XP level 9. HP: 68/68 MP: 7/9
  5003 | D:6      | Noticed Duvessa
  5003 | D:6      | Noticed Dowan
  5020 | D:6      | Killed Dowan
  5030 | D:6      | Killed Duvessa
  5080 | D:6      | Reached skill level 9 in Staves
  5207 | D:7      | Found a sand-covered staircase.
  5376 | D:7      | Found a staircase to the Ecumenical Temple.
  5425 | Temple   | Entered the Ecumenical Temple
  5549 | Temple   | Became a worshipper of Vehumet
  6056 | D:7      | Reached skill level 5 in Armour
  6272 | D:8      | Reached skill level 10 in Staves
  6293 | D:8      | Reached * piety under Vehumet
  6293 | D:8      | Offered knowledge of Sandblast by Vehumet.
  6357 | D:8      | Found an ornate altar of the Wu Jian Council.
  6357 | D:8      | Found a burning altar of Makhleb.
  6358 | D:8      | Found a white marble altar of Elyvilon.
  6434 | D:8      | Reached XP level 10. HP: 70/77 MP: 10/10
  6752 | D:9      | Noticed Erica
  6762 | D:9      | Killed Erica
  6827 | D:9      | Noticed Pikel
  6841 | D:9      | Killed Pikel
  6866 | D:9      | Found Ifeseal's Armour Shop.
  6886 | D:9      | Found a staircase to the Orcish Mines.
  6927 | D:9      | Reached ** piety under Vehumet
  6927 | D:9      | Offered knowledge of Throw Frost by Vehumet.
  6932 | D:9      | Found Sumir's Weapon Shop.
  6975 | D:9      | Bought a +1 pair of boots of stealth for 214 gold pieces
  7479 | D:10     | Entered Level 10 of the Dungeon
  7483 | D:10     | Reached skill level 1 in Long Blades
  7493 | D:10     | Identified the Collected Works on Glacial Good Luck
  7635 | D:10     | Found a staircase to the Lair.
  7730 | D:10     | Offered knowledge of Stone Arrow by Vehumet.
  7756 | D:10     | Reached skill level 5 in Shields
  7756 | D:10     | Reached XP level 11. HP: 44/85 MP: 11/11
  7977 | D:10     | Reached *** piety under Vehumet
  8333 | D:11     | Noticed a two-headed ogre
  8339 | D:11     | Killed a two-headed ogre
  8375 | D:11     | Noticed a centaur warrior
  8383 | D:11     | Killed a centaur warrior
  8383 | D:11     | Reached skill level 5 in Dodging
  8519 | D:11     | HP: 3/86 [something (5)]
  8523 | D:11     | Slain by an unseen horror

Skill      XL: |  1  2  3  4  5  6  7  8  9 10 11 |
---------------+----------------------------------+-----
Dodging        | 3 4 5 |  5.0
Staves         | 3 4 5 7 8 10 | 10.7
Armour         | 1 2 3 4 5 6 |  6.4
Fighting       | 3 4 5 6 7 8 |  8.0
Shields        | 1 2 5 |  5.9
Long Blades    | 2 3 |  3.7
Throwing       | |  1.8
Stealth        | |  0.3

Action                   |  1- 3 |  4- 6 |  7- 9 | 10-12 || total
-------------------------+-------+-------+-------+-------++-------
Melee: Quarterstaff      |   130 |   365 |   368 |    50 ||   913
       Headbutt          |       |       |    68 |    84 ||   152
       Falchion          |       |       |       |   235 ||   235
  Use: Scroll            |       |       |       |    10 ||    10
  Eat: Chunk             |       |     6 |     3 |     5 ||    14
       Ration            |       |     1 |     2 |     2 ||     5
Armor: Chain mail        |   127 |    30 |   172 |   218 ||   547
       Leather armour    |     2 |       |       |       ||     2
       Plate armour      |       |   205 |       |       ||   205
Dodge: Dodged            |    88 |   114 |   133 |    77 ||   412
       Deflected         |       |       |       |     3 ||     3
Block: Other             |       |     2 |    83 |     9 ||    94
       Shield            |       |       |       |   263 ||   263
       Rpst.: Falchion   |       |       |       |    11 ||    11
